 Dungeon Crawl Stone Soup version 0.24-a0-309-g1095bcad4c (webtiles) character file.

Game seed: 11522016682391639813

321 D1HalberdGnoll the Skirmisher (level 6, -1/53 HPs)
             Began as a Draconian Abyssal Knight on May 14, 2019.
             Was a Priest of Lugonu.
             Killed by divine providence
             ... invoked by an orc priest
              (14 damage)
             ... on level 4 of the Dungeon.
             The game lasted 00:03:47 (3345 turns).

D1HalberdGnoll the Skirmisher (DrAK)                Turns: 3345, Time: 00:03:48

Health: -1/53      AC:  6    Str: 15    XL:     6   Next: 22%
Magic:  8/8        EV: 10    Int: 12    God:    Lugonu [***...]
Gold:   165        SH:  7    Dex: 12    Spells: 5/5 levels left

rFire    . . .     SeeInvis .   a - +1 falchion
rCold    . . .     Gourm    .   p - +0 shield
rNeg     . . .     Faith    .   (armour unavailable)
rPois    .         Spirit   .   (helmet restricted)
rElec    .         Reflect  .   (no cloak)
rCorr    .         Harm     .   (no gloves)
MR       .....                  (no boots)
Stlth    ++........             (no amulet)
HPRegen  0.17/turn              h - ring of stealth
MPRegen  0.11/turn              (no ring)

@: no status effects
A: unfitting armour, cold-blooded, AC +6
a: Depart the Abyss, Bend Space, Banish, Renounce Religion


You were on level 4 of the Dungeon.
You worshipped Lugonu.
Lugonu was most pleased with you.
You were hungry.

You visited 1 branch of the dungeon, and saw 4 of its levels.
You visited the Abyss 1 time.

You collected 165 gold pieces.

Inventory:

Hand Weapons
 a - a +1 falchion (weapon)
Missiles
 o - 2 boomerangs
 r - 12 poisoned darts (quivered)
Armour
 p - a +0 shield (worn)
Jewellery
 h - a ring of stealth (left hand)
Scrolls
 e - a scroll of immolation {unknown}
 f - a scroll of noise {unknown}
 g - 2 scrolls of identify
 i - a scroll of enchant weapon {unknown}
 k - 2 scrolls of amnesia
 l - 2 scrolls of teleportation
 m - 2 scrolls of enchant armour {unknown}
 s - a scroll of blinking {unknown}
Potions
 d - a potion of agility
 j - a potion of might {unknown}
 n - a potion of degeneration {unknown}
 q - 2 potions of berserk rage {unknown}
 t - a potion of resistance {unknown}
Comestibles
 b - 10 rations
 u - 2 chunks of flesh


   Skills:
 + Level 4.5 Fighting
 * Level 4.2 Long Blades
 + Level 3.2 Dodging
 + Level 1.4 Shields
 + Level 3.4 Invocations


You had 5 spell levels left.
You didn't know any spells.
Your spell library was empty.

Dungeon Overview and Level Annotations

Branches:
Dungeon (4/15)
 Temple: D:4-7

Altars:
The Shining One

Annotations:
D:4 1 runed translucent door, Jannitor's ghost, weakling VSFi


Innate Abilities, Weirdness & Mutations

Your plain brown scales are hard. (AC +6)
You cannot fit into any form of body armour.
You are cold-blooded and may be slowed by cold attacks.


Message History

You barely miss the orc priest.
The orc priest is almost dead.
The orc hits you but does no damage.
The orc priest invokes the aid of Beogh against you.
Beogh smites you!
* * * LOW HITPOINT WARNING * * *
The orc wizard hits you with a +0 dagger.
* * * LOW HITPOINT WARNING * * *
You feel better.
You are feeling hungry.
You block the orc's attack.
The orc priest calls upon Beogh to heal the orc wizard.
The orc wizard is healed somewhat.
The orc wizard hits you but does no damage.
You hit the orc priest but do no damage.
The orc priest is almost dead.
The orc hits you but does no damage.
The orc priest invokes the aid of Beogh against you.
Beogh smites you!
You die...

#.# #.##
..%. ...#
#..# # #l.#
#.##oo#
##.#o@)##
+.......#
##.....##
####.####
#....#
####.# #+
#.# #. #.#
##.########
#.#


You could see an orc priest, an orc wizard, an orc and a leopard gecko.

Vanquished Creatures
  2 orc priests (D:3)
  2 orc wizards (D:3)
  Jessica (D:2)
  2 worker ants (D:4)
  3 adders (D:3)
  2 worms
  3 dart slugs
  A leopard gecko (D:1)
  9 orcs
  5 giant cockroaches
  12 goblins
  7 hobgoblins
  6 jackals
  10 kobolds
  A quokka (D:3)
  10 bats
  3 frilled lizards
  A leopard gecko skeleton (D:2)
  9 rats
89 creatures vanquished.

Notes
Turn   | Place    | Note
-------+----------+-------------------------------------------
     0 | Abyss:1  | D1HalberdGnoll the Draconian Abyssal Knight began the quest
                  | for the Orb.
     0 | Abyss:1  | Reached XP level 1. HP: 19/19 MP: 2/2
     0 | D:1      | Escaped the Abyss
   223 | D:1      | Reached XP level 2. HP: 22/26 MP: 3/3
   230 | D:1      | Reached * piety under Lugonu
   459 | D:1      | You fall through a shaft!
   624 | D:2      | Reached XP level 3. HP: 31/31 MP: 4/4
  1513 | D:2      | Reached ** piety under Lugonu
  1573 | D:2      | Found a glowing golden altar of the Shining One.
  1604 | D:2      | Noticed Jessica
  1619 | D:2      | Killed Jessica
  1619 | D:2      | Reached XP level 4. HP: 34/40 MP: 4/6
  2062 | D:3      | Reached XP level 5. HP: 14/46 MP: 7/7
  2072 | D:3      | HP: 1/46 [orc/+0 short sword (3)]
  2496 | D:3      | Reached skill level 1 in Shields
  2649 | D:3      | Found a glowing drain.
  2936 | D:3      | Reached XP level 6. HP: 53/53 MP: 8/8
  3120 | D:4      | Reached *** piety under Lugonu
  3244 | D:4      | Found a runed translucent door.
  3251 | D:4      | Noticed Jannitor's ghost (weakling VSFi)
  3345 | D:4      | Killed from afar by an orc priest

Levels and vault maps discovered:
D:1:      dpeg_arrival_arbitrary_c, layout_loops_ring
D:2:      layout_basic, lemuel_crystal_altar, first_ration, serial_bayou_pond_e,
          grunt_decor_arrowhead, chequers_serial_rivers_micro_c,
          chequers_serial_rivers_micro_e, uniq_jessica
D:3:      layout_loops_corners, cheibrodos_sewer_entry_bend
D:4:      layout_loops_corners, nicolae_overflow_hidden_temple,
          ebering_ghost_sewer_d

Skill      XL: |  1  2  3  4  5 |
---------------+----------------+-----
Long Blades    | 3 4 |  4.2
Fighting       | 4 |  4.5
Invocations    | 3 |  3.4
Dodging        | 3 |  3.2
Shields        | 1 |  1.4

Action                   |  1- 3 |  4- 6 || total
-------------------------+-------+-------++-------
Melee: Falchion          |   141 |   186 ||   327
       Tailslap          |    13 |    20 ||    33
Throw: Dart              |       |     2 ||     2
Invok: Depart the Abyss  |     1 |       ||     1
  Use: Potion            |       |     3 ||     3
       Scroll            |       |     3 ||     3
  Eat: Chunk             |     2 |     6 ||     8
Armor: Skin              |    46 |    54 ||   100
Dodge: Dodged            |   107 |    87 ||   194
Block: Shield            |       |    72 ||    72
       Rpst.: Falchion   |    31 |    27 ||    58

Table legend:
 A = Non-vault XP
 B = Vault XP
 C = Vault XP percentage of total XP
 D = Non-vault monster count
 E = Vault monster count
 F = Vault count percentage of total count
                 A         B        C        D         E       F
            +---------+---------+-------+---------+---------+-------
      Total |     417 |      42 |   9.2 |      87 |       2 |   2.2
            +---------+---------+-------+---------+---------+-------
        D:1 |      51 |       0 |   0.0 |      28 |       0 |   0.0
        D:2 |      38 |      37 |  49.3 |      22 |       1 |   4.3
        D:3 |     249 |       5 |   2.0 |      30 |       1 |   3.2
        D:4 |      79 |       0 |   0.0 |       7 |       0 |   0.0
            +---------+---------+-------+---------+---------+-------
